 Dungeon Crawl Stone Soup version 0.20.1-1-g8b1a95d (webtiles) character file.

7581 pstr the Destroyer (level 11, 0/60 HPs)
             Began as a Kobold Conjurer on Nov 14, 2017.
             Was a Believer of Qazlal.
             Killed from afar by a gargoyle (21 damage)
             ... with a stone arrow
             ... on level 9 of the Dungeon.
             The game lasted 00:48:33 (15581 turns).

pstr the Destroyer (Kobold Conjurer)               Turns: 15581, Time: 00:48:34

Health: 0/60       AC: 11    Str:  6    XL:     11   Next: 39%
Magic:  1/24       EV: 22    Int: 19    God:    Qazlal [**....]
Gold:   773        SH:  2    Dex: 16    Spells: 26/29 levels left

rFire    + . .     SeeInvis .   j - +0 war axe (flame)
rCold    . . .     Gourm    .   (shield restricted)
rNeg     . . .     Faith    .   z - +3 leather armour {rF+}
rPois    .         Spirit   .   (no helmet)
rElec    .         Reflect  .   (no cloak)
rCorr    .         Harm     .   e - +2 pair of gloves
MR       .....                  t - +0 pair of boots
Stlth    +++.......             (no amulet)
Regen    0.2/turn               i - +4 ring of slaying
MPRegen  0.2/turn               C - +3 ring of evasion

@: no status effects
A: blink, blurry vision 1, carnivore 3, evolution 1
a: Blink, Upheaval, Renounce Religion


You were on level 9 of the Dungeon.
You worshipped Qazlal.
Qazlal was pleased with you.
You were completely stuffed.

You visited 2 branches of the dungeon, and saw 11 of its levels.
You also visited: Ossuary.

You collected 773 gold pieces.

Inventory:

Hand Weapons
 d - a +0 spear
 j - a +0 war axe of flaming (weapon)
 w - a -1 dagger
Missiles
 g - 217 arrows
 k - 301 stones (quivered)
Armour
 a - a +0 robe
 e - a +2 pair of gloves (worn)
 n - a +0 ring mail
 q - a +0 leather armour of magic resistance
 r - a +0 shield
 t - a +0 pair of boots (worn)
 z - a +3 leather armour of fire resistance (worn)
 K - a +2 ring mail of fire resistance
Jewellery
 i - a +4 ring of slaying (left hand)
 C - a +3 ring of evasion (right hand)
 D - an uncursed ring of protection from magic
 M - an uncursed amulet of faith
 V - a +2 amulet of reflection
Wands
 m - a wand of paralysis (3/24)
 p - a wand of polymorph (11/24)
 u - a wand of scattershot (5/9)
 E - a wand of flame (16/48)
 O - a wand of clouds (4/9)
 T - a wand of disintegration (13/24)
Scrolls
 f - a scroll of identify
 h - 3 scrolls of remove curse
 o - a scroll of recharging
 x - 2 scrolls of fear
 A - a scroll of fog
 F - 2 scrolls of noise
 I - a scroll of immolation
 Q - a scroll of enchant weapon {unknown}
Potions
 v - a potion of might
 B - 2 potions of flight
 H - a potion of degeneration
 L - 2 potions of haste {unknown}
 N - 2 potions of curing
Books
 b - a book of Conjurations

   Spells                             Type                      Level
   a - Magic Dart                     Conjuration                  1
   b - Searing Ray                    Conjuration                  2
   c - Dazzling Spray                 Conjuration/Hexes            3
   d - Fulminant Prism                Conjuration/Hexes            4
   e - Force Lance                    Conjuration/Translocation    4
   f - Iskenderun's Mystic Blast      Conjuration                  4
 l - a book of Cantrips

   Spells                             Type                      Level
   a - Confusing Touch                Hexes                        1
   b - Animate Skeleton               Necromancy                   1
   c - Summon Small Mammal            Summoning                    1
   d - Apportation                    Translocation                1
 J - a book of Minor Magic

   Spells                             Type                      Level
   a - Magic Dart                     Conjuration                  1
   b - Blink                          Translocation                2
   c - Call Imp                       Summoning                    2
   d - Slow                           Hexes                        2
   e - Conjure Flame                  Conjuration/Fire             3
   f - Mephitic Cloud                 Conjuration/Poison/Air       3
 R - a book of Maledictions

   Spells                             Type                      Level
   a - Corona                         Hexes                        1
   b - Ensorcelled Hibernation        Hexes/Ice                    2
   c - Confuse                        Hexes                        3
   d - Tukima's Dance                 Hexes                        3
   e - Dazzling Spray                 Conjuration/Hexes            3
 S - a book of Misfortune

   Spells                             Type                      Level
   a - Confusing Touch                Hexes                        1
   b - Confuse                        Hexes                        3
   c - Gell's Gravitas                Translocation                3
   d - Petrify                        Transmutation/Earth          4
   e - Metabolic Englaciation         Hexes/Ice                    5
   f - Yara's Violent Unravelling     Hexes/Transmutation          5
Comestibles
 c - 5 meat rations
 s - 3 royal jellies
 U - a chunk of flesh


   Skills:
 + Level 3.7 Fighting
 + Level 2.2 Axes
 + Level 0.1(1.3) Polearms
 + Level 5.4 Armour
 + Level 7.3 Dodging
 + Level 6.1 Stealth
 + Level 1.0 Shields
 + Level 9.6 Spellcasting
 + Level 9.9 Conjurations


You had 26 spell levels left.
You knew the following spells:

 Your Spells              Type           Power        Failure   Level  Hunger
a - Magic Dart            Conj           ####         1%          1    None
b - Searing Ray           Conj           #####.       1%          2    None


Dungeon Overview and Level Annotations

Branches:
Dungeon (10/15)            Temple (1/1) D:7            Lair (0/6) D:9
    Orc: D:9-12

Altars:
Ashenzari
Cheibriados
Dithmenos
Elyvilon
Fedhas
Gozag
Hepliaklqana
Kikubaaqudgha
Makhleb
Nemelex Xobeh
Okawaru
Qazlal
Ru
Sif Muna
Trog
Uskayaw
Vehumet
Xom
Yredelemnul
Zin
The Shining One
Lugonu

Shops:
D:6 :

Annotations:
D:3 1 runed door


Innate Abilities, Weirdness & Mutations

You are small and have problems with some larger weapons.
You are carnivorous and can eat meat at any time.
You can translocate small distances at will.
Scrolls take you a little longer to read.
You evolve.


Message History

Aim: a gargoyle, wielding a mace (severely damaged)
The searing ray hits the gargoyle.
The gargoyle is severely damaged. (Press . to maintain the ray.)
The searing ray hits the gargoyle.
The gargoyle is almost destroyed.
The gargoyle closely misses you.
The searing ray hits the gargoyle.
The gargoyle is almost destroyed.
Casting: Searing Ray
Confirm with . or Enter, or press ? or * to list all spells.
Aiming: Searing Ray
Press: ? - help, Shift-Dir - straight line, f/p - gargoyle
Aim: a gargoyle, wielding a mace (almost destroyed)
The searing ray hits the gargoyle.
The gargoyle is almost destroyed. (Press . to maintain the ray.)
The gargoyle hurls a stone arrow at you.
The stone arrow hits you!
You die...

#.####.#.....#..###...
#.#.....#.#.........#.
###.#.###.###..###..###.
#.....# #......###..# #.
####.....#####.#...##..# #.
#...........).......#..# #.
#.##...........#....#..# #.
#.##.....####..##.#.#..# #.
#.####....@9.).##......###.
#.# ##..#####>.####.##..##.
#.# #...#####..####.###.##)
#.# #.#.##.....##...###.##.
#.###.#.##.##.###.####...#.
#..##.#.##.##.##...##......
##.##.#.....<)#............
#.##%####.................
#.##.# ###...............


You could see a gargoyle.

Vanquished Creatures
  Pikel (D:5)
  A centaur zombie (D:10)
  Psyche (D:8)
  A hornet (D:10)
  2 trolls
  2 hippogriffs
  A wraith (D:9)
  Eustachio (D:4)
  8 yaks
  A hungry ghost (D:7)
  An orc warrior (D:9)
  3 sky beasts
  A slave (D:4)
  An ice beast (D:8)
  2 black bears
  3 ogres
  A phantom (D:9)
  5 centaurs
  A big kobold (D:5)
  Blork the orc (D:4)
  5 bullfrogs
  A gnoll sergeant (D:6)
  A water moccasin zombie (D:8)
  2 scorpions (D:4)
  7 killer bees
  4 wights (D:7)
  3 crimson imps
  2 bullfrog zombies
  A quasit (D:9)
  A centaur skeleton (D:6)
  A human zombie (Ossuary)
  A bullfrog skeleton (D:5)
  4 orc priests
  4 hounds
  An iguana (D:8)
  7 worker ants
  7 orc wizards
  2 big kobold zombies (Ossuary)
  2 hound zombies
  2 mummies (Ossuary)
  3 worker ant zombies
  12 gnolls
  A howler monkey skeleton (D:6)
  A howler monkey zombie (D:6)
  13 adders
  2 shadow imps
  An ooze (D:3)
  4 adder skeletons
  An adder zombie (D:2)
  3 worms
  A dart slug (D:3)
  3 leopard geckos
  26 orcs
  A bat skeleton (D:2)
  2 bat zombies (D:2)
  5 giant cockroaches
  14 goblins
  12 hobgoblins
  9 jackals
  11 kobolds
  4 quokkas
  A ball python (D:3)
  A ball python skeleton (D:2)
  7 bats
  2 frilled lizards
  5 gnoll zombies (Ossuary)
  2 goblin zombies (Ossuary)
  A hobgoblin zombie (Ossuary)
  3 orc zombies (Ossuary)
  2 quokka skeletons
  6 rats
  A bush (D:8)
  3 fungi (D:3)
259 creatures vanquished.

Vanquished Creatures (others)
  A bullfrog skeleton (D:5)
  A worm (D:5)
  2 fungi (D:3)
4 creatures vanquished.

Grand Total: 263 creatures vanquished

Notes
Turn   | Place    | Note
-------+----------+-------------------------------------------
     0 | D:1      | pstr the Kobold Conjurer began the quest for the Orb.
     0 | D:1      | Reached XP level 1. HP: 10/10 MP: 3/3
   498 | D:1      | Reached XP level 2. HP: 15/15 MP: 0/5
   607 | D:1      | Learned a level 2 spell: Searing Ray
  1576 | D:2      | Reached XP level 3. HP: 19/19 MP: 3/6
  1626 | D:2      | Found a shimmering altar of Xom.
  2055 | D:2      | Reached XP level 4. HP: 24/24 MP: 3/8
  2542 | D:2      | Found an opulent altar of Gozag.
  3191 | D:3      | Reached skill level 5 in Conjurations
  3325 | D:3      | Reached XP level 5. HP: 28/28 MP: 3/9
  3637 | D:3      | Reached skill level 1 in Armour
  4437 | D:3      | Found a glowing silver altar of Zin.
  4437 | D:3      | Found a runed door.
  4437 | D:3      | Noticed an angel
  4874 | D:4      | Noticed Blork the orc
  4880 | D:4      | Killed Blork the orc
  4880 | D:4      | Reached XP level 6. HP: 33/33 MP: 3/11
  4967 | D:4      | Noticed an ogre
  4987 | D:4      | Killed an ogre
  4987 | D:4      | Reached XP level 7. HP: 33/37 MP: 0/13
  5255 | D:4      | Reached skill level 1 in Fighting
  5371 | D:4      | Noticed Eustachio
  5374 | D:5      | Entered Level 5 of the Dungeon
  5497 | D:4      | Killed Eustachio
  5497 | D:4      | Reached skill level 1 in Axes
  5636 | D:4      | Found a white marble altar of Elyvilon.
  5716 | D:4      | Reached XP level 8. HP: 42/43 MP: 6/14
  6089 | D:4      | Found a bloodstained altar of Trog.
  6384 | D:4      | Found a radiant altar of Vehumet.
  6586 | D:5      | Noticed Pikel
  7455 | D:5      | Killed Pikel
  7455 | D:5      | Reached skill level 5 in Spellcasting
  7455 | D:5      | Reached XP level 9. HP: 48/48 MP: 4/17
  7722 | D:5      | Found a snail-covered altar of Cheibriados.
  7868 | D:5      | Reached skill level 5 in Dodging
  8189 | D:6      | Reached skill level 5 in Stealth
  8568 | D:6      | Found Jyesobym's Book Boutique.
  9115 | D:6      | Found a hazy altar of Hepliaklqana.
  9257 | D:7      | Found a shattered altar of Ashenzari.
  9492 | D:7      | Found a hide-covered altar of Uskayaw.
  9496 | D:7      | Noticed a dagger
  9497 | D:7      | Noticed a dagger
  9605 | D:7      | Found a sand-covered staircase.
  9623 | Ossuary  | Entered an ossuary
 10451 | D:7      | Found a staircase to the Ecumenical Temple.
 10486 | Temple   | Entered the Ecumenical Temple
 10509 | Temple   | Became a worshipper of Qazlal Stormbringer
 10830 | D:7      | Found a deep blue altar of Sif Muna.
 11075 | D:8      | Found an iron altar of Okawaru.
 11269 | D:8      | Reached XP level 10. HP: 48/53 MP: 8/20
 11719 | D:8      | Reached * piety under Qazlal
 11818 | D:7      | Gained mutation: Scrolls take you a little longer to read. [potion of mutation]
 11818 | D:7      | Gained mutation: You evolve. [potion of mutation]
 12345 | D:8      | Noticed Psyche
 12405 | D:8      | Paralysed by Psyche for 3 turns
 12409 | D:8      | Killed Psyche
 12669 | D:8      | Found a blossoming altar of Fedhas.
 13978 | D:9      | Gained mutation: You can translocate small distances at will. [evolution]
 14345 | D:9      | Reached ** piety under Qazlal
 14345 | D:9      | Reached XP level 11. HP: 60/60 MP: 20/24
 14395 | D:9      | Found a staircase to the Lair.
 14463 | D:9      | Reached skill level 5 in Armour
 15063 | D:10     | Entered Level 10 of the Dungeon
 15409 | D:9      | Reached skill level 1 in Shields
 15581 | D:9      | Killed from afar by a gargoyle

Skill      XL: |  1  2  3  4  5  6  7  8  9 10 11 |
---------------+----------------------------------+-----
Spellcasting   | 3 4 5 7 9 |  9.6
Conjurations   | 5 6 8 9 |  9.9
Armour         | 1 2 3 4 5 |  5.4
Stealth        | 3 4 5 6 |  6.1
Dodging        | 3 4 5 6 7 |  7.3
Fighting       | 1 2 3 |  3.7
Axes           | 1 2 |  2.2
Shields        | 1 |  1.0
Polearms       | |  0.1

Action                   |  1- 3 |  4- 6 |  7- 9 | 10-12 || total
-------------------------+-------+-------+-------+-------++-------
Melee: Spear             |    26 |     3 |       |       ||    29
       Unarmed           |     1 |       |       |       ||     1
       War axe           |       |    31 |     5 |    42 ||    78
 Cast: Magic Dart        |    30 |    27 |    34 |    21 ||   112
       Searing Ray       |    11 |    45 |   110 |    93 ||   259
  Use: Scroll            |       |     9 |    10 |     7 ||    26
       Potion            |       |     5 |       |     5 ||    10
  Eat: Chunk             |    13 |    11 |    20 |    13 ||    57
Armor: Robe              |     4 |       |       |       ||     4
       Ring mail         |     5 |    15 |       |       ||    20
       Leather armour    |       |    15 |    29 |    39 ||    83
       Skin              |       |     6 |       |       ||     6
Dodge: Dodged            |    34 |    74 |   134 |   198 ||   440
Block: Other             |       |       |       |    14 ||    14
